 Dungeon Crawl Stone Soup version 0.28-a0-1638-g9123634e07 (webtiles) character file.

Game seed: 11455174180399062990

243 a3don the Ducker (level 5, 0/49 HPs)
             Began as a Troll Earth Elementalist on Jan 25, 2022.
             Was a Believer of Qazlal.
             Succumbed to a3don's ghost's poison
             ... on level 3 of the Dungeon.
             The game lasted 00:05:43 (1953 turns).

a3don the Ducker (Troll Earth Elementalist)         Turns: 1953, Time: 00:05:44

Health: 0/49       AC:  4    Str: 16    XL:     5   Next: 82%
Magic:  1/6        EV: 10    Int: 13    God:    Qazlal [**....]
Gold:   69         SH:  3    Dex: 10    Spells: 4/6 levels left

rFire   . . .      SeeInvis .     - Unarmed
rCold   . . .      Faith    .   (no shield)
rNeg    . . .      Spirit   .   b - +0 robe
rPois   .          Reflect  .   (helmet restricted)
rElec   .          Harm     .   (no cloak)
rCorr   .          Rampage  .   (gloves unavailable)
Will    +....                   (boots unavailable)
Stlth   +.........              (no amulet)
HPRegen 0.96/turn               g - ring of willpower
MPRegen 0.10/turn               (no ring)

@: brilliant, lethally poisoned (0 -> -7), very slightly contaminated
A: large, unfitting armour, claws 3, regeneration 1, shaggy fur 1, tough skin 1
a: Renounce Religion, Upheaval


You were on level 3 of the Dungeon.
You worshipped Qazlal.
Qazlal was pleased with you.
You visited 1 branch of the dungeon, and saw 3 of its levels.

You collected 69 gold pieces.

Inventory:

Hand Weapons
 f - a +0 dagger of holy wrath
 n - a +2 hand axe of freezing
 s - a +1 dagger of draining
Missiles
 c - 123 stones
 e - 6 poisoned darts (quivered)
Armour
 b - a +0 robe (worn)
Jewellery
 g - a ring of willpower (left claw)
Scrolls
 i - a scroll of immolation {unknown}
 j - 2 scrolls of identify {unknown}
 k - a scroll of silence {unknown}
 o - a scroll of fear {unknown}
 q - a scroll of amnesia {unknown}
 r - a scroll of enchant armour {unknown}
Potions
 a - 2 potions of brilliance
 d - a potion of might {unknown}
 h - a potion of heal wounds {unknown}
 l - a potion of ambrosia {unknown}
 p - 2 potions of flight {unknown}


   Skills:
 + Level 2.2 Fighting
 + Level 2.8 Dodging
 - Level 1.0 Stealth
 + Level 2.7 Unarmed Combat
 + Level 1.4 Spellcasting
 + Level 1.0 Transmutations
 - Level 2.6 Earth Magic
 + Level 0.5 Poison Magic
 + Level 1.0 Invocations


You had 4 spell levels left.
You knew the following spells:

 Your Spells              Type           Power      Damage    Failure   Level
a - Sandblast             Erth           22%        2d7       9%          1
b - Sting                 Tmut/Pois      16%        1d3       19%         1

Your spell library contained the following spells:

 Spells                   Type           Power      Damage    Failure   Level
 Passwall                 Tmut/Erth      6%         N/A       19%         2
 Poisonous Vapours        Pois/Air       4%         N/A       36%         2
 Ensorcelled Hibernation  Hex/Ice        2%         N/A       38%         2
 Stone Arrow              Conj/Erth      12%        3d7       43%         3
 Swiftness                Air            1%         N/A       63%         3
 Petrify                  Tmut/Erth      8%         N/A       77%         4
 Olgreb's Toxic Radiance  Pois           3%         N/A       91%         4


Dungeon Overview and Level Annotations

Branches:
Dungeon (3/15)

Altars:
Qazlal
Ru
Vehumet


Innate Abilities, Weirdness & Mutations

You are too large for most types of armour.
You have claws for hands.
Your natural rate of healing is unusually fast.
You are covered in fur. (AC +1)
You have tough skin. (AC +1)


Message History

Press: ? - help, Shift-Dir - straight line, f/p - a3don's ghost
Aim: a3don's ghost, wielding a weapon of venom (severely damaged, 72% to hit)
You miscast Sandblast.
You are very lightly contaminated with residual magic.
Nothing appears to happen.
You feel sick. A3don's ghost closely misses you.
Unknown command.
You barely miss a3don's ghost.
A3don's ghost is severely damaged.
You feel sick. A3don's ghost hits you.
* * * LOW HITPOINT WARNING * * *
You scratch a3don's ghost.
A3don's ghost is almost destroyed.
You feel sick.
You are no longer poisoned.
A3don's ghost points at you and mumbles some strange words.
You resist with some effort.
You barely miss a3don's ghost.
A3don's ghost is almost destroyed.
A3don's ghost hits you.
* * * LOW HITPOINT WARNING * * *
You are poisoned.
You closely miss a3don's ghost.
A3don's ghost is almost destroyed.
You feel very sick. A3don's ghost hits you.
* * * LOW HITPOINT WARNING * * *
You are lethally poisoned!
You closely miss a3don's ghost.
A3don's ghost is almost destroyed.
* * * LOW HITPOINT WARNING * * *
You feel very sick.
A3don's ghost is struck by lightning.
You destroy a3don's ghost!
Qazlal accepts your kill.
Your life force feels restored.
Your Transmutations skill increases to level 1!
Your Invocations skill increases to level 1!
It was a potion of brilliance.
You feel clever all of a sudden.
You die...

..####.# ####..#..#
###........# .####..#
#.....##.#
#..........# .##...##
###......#
#..........# ....###
######.###..........#
#####
#.|.#.......########
#.โ‰ˆ.#.##.....##
#.โ‰ˆ.#.........#
#.โ‰ˆ.###.......#
#.ยง@# #.......#
##'## ##.....##
#...###.......#
#.............#
##...##.......#
#######.....##
##...## ####


There were no monsters in sight!

Vanquished Creatures
  The ghost of a3don the Magician, an amateur DjVM (D:3)
  A hound (D:2)
  Jessica (D:2)
  A hound zombie (D:3)
  3 adders
  A dart slug (D:3)
  5 orcs (D:3)
  8 endoplasms
  9 goblins
  6 hobgoblins
  2 quokkas
  7 ball pythons
  3 bats
  3 frilled lizards (D:1)
  4 kobolds
  8 rats
63 creatures vanquished.

Notes
Turn   | Place    | Note
-------+----------+-------------------------------------------
     0 | D:1      | a3don the Troll Earth Elementalist began the quest for the
                  | Orb.
     0 | D:1      | Reached XP level 1. HP: 16/16 MP: 1/1
   238 | D:1      | Found a faded altar of an unknown god.
   253 | D:1      | Prayed at the altar of an unknown god.
   253 | D:1      | Became a worshipper of Qazlal Stormbringer
   253 | D:1      | Reached * piety under Qazlal
   268 | D:1      | Reached XP level 2. HP: 9/26 MP: 0/2
   323 | D:1      | Reached skill level 1 in Unarmed Combat
   546 | D:1      | Reached skill level 1 in Fighting
   733 | D:2      | Reached XP level 3. HP: 23/33 MP: 3/3
  1272 | D:2      | Noticed Jessica
  1277 | D:2      | Killed Jessica
  1278 | D:2      | Reached XP level 4. HP: 41/41 MP: 4/4
  1321 | D:2      | Reached ** piety under Qazlal
  1695 | D:3      | Found a sacrificial altar of Ru.
  1734 | D:3      | Learned a level 1 spell: Sting
  1740 | D:3      | Found a radiant altar of Vehumet.
  1808 | D:3      | Reached XP level 5. HP: 42/45 MP: 5/5
  1928 | D:3      | Found a runed translucent door.
  1929 | D:3      | Noticed a3don's ghost (amateur DjVM)
  1952 | D:3      | HP: 2/46 [poisoned by a3don's ghost]
  1952 | D:3      | Killed a3don's ghost
  1953 | D:3      | Reached skill level 1 in Transmutations
  1953 | D:3      | Reached skill level 1 in Invocations
  1953 | D:3      | Succumbed to a3don's ghost's poison

Illustrated notes

Levels and vault maps discovered:
D:1:      minmay_arrival_shattered_statue, layout_loops_cross,
          ebering_ecumenical_altar_webs
D:2:      minmay_inner_zag, layout_basic, uniq_jessica
D:3:      minmay_octagon_keep, layout_rooms, overflow_temple_1_default,
          vehumet_crystals, ebering_ghost_reflecting_pool,
          hangedman_decor_peaks_small, solitary_fountain

Skill      XL: |  1  2  3  4  5 |
---------------+----------------+-----
Unarmed Combat | 1 2 |  2.7
Dodging        | 2 |  2.8
Fighting       | 1 2 |  2.2
Transmutations | 1 |  1.0
Invocations    | 1 |  1.0
Stealth        | |  1.0
Spellcasting   | |  1.4
Earth Magic    | |  2.6
Poison Magic   | |  0.5

Action                   |  1- 3 |  4- 6 || total
-------------------------+-------+-------++-------
Melee: Unarmed           |    86 |    80 ||   166
       Punch             |     3 |       ||     3
 Cast: Sandblast         |     2 |     5 ||     7
  Use: Potion            |       |     3 ||     3
 Stab: Sleeping          |     1 |       ||     1
Armor: Robe              |    26 |    20 ||    46
Dodge: Dodged            |    32 |    36 ||    68
Block: Other             |     1 |     9 ||    10

Table legend: (Time is in decaauts)
 A = Elapsed time spent in this place.
 B = Non-inter-level travel time spent in this place.
 C = Inter-level travel time spent in this place.
 D = Time resting spent in this place.
 E = Time spent auto-exploring this place.
 F = Levels seen in this place.
 G = Mean time per level.
                   A        B        C        D        E       F      G
               +--------+--------+--------+--------+--------+-----+--------+
         Total |   1947 |   1862 |     85 |    130 |   1280 |   3 |  649.0 |
       Dungeon |   1947 |   1862 |     85 |    130 |   1280 |   3 |  649.0 |
               +--------+--------+--------+--------+--------+-----+--------+

Top non-repeatable levels by time:
     D:2: 915 daAuts
     D:1: 723 daAuts
     D:3: 309 daAuts
